 Dungeon Crawl Stone Soup version 0.27-a0-498-g7ecbb0a48f (webtiles) character file.

Game seed: 2930352361573631351

214445 Anon1729 the Slingshot (level 19, -1/175 HPs)
             Began as a Halfling Hunter on Mar 2, 2021.
             Was a High Priest of Ashenzari.
             Killed from afar by a crystal guardian (18 damage)
             ... with a crystal bolt
             ... on level 4 of the Abyss.
             The game lasted 02:12:46 (44723 turns).

Anon1729 the Slingshot (Halfling Hunter)           Turns: 44723, Time: 02:12:46

Health: -1/175     AC: 28    Str: 29    XL:     19   Next: 71%
Magic:  0/30       EV: 29    Int: 23    God:    Ashenzari [*****.]
Gold:   1145       SH:  0    Dex: 17    Spells: 3/33 levels left

rFire    . . .     SeeInvis +   a - +1 hunting sling "Lethargy of Ashenzari" {Comp, Elem} (curse)
rCold    . . .     Faith    .   (shield restricted)
rNeg     + + .     Spirit   +   (armour currently unavailable)
rPois    ∞         Reflect  .   y - +1 helmet of Ashenzari's Scepticism {Str+7 Int+7, Elem, Cun} (curse)
rElec    +         Harm     .   (no cloak)
rCorr    .         Rampage  .   (gloves currently unavailable)
Will     +....     Clarity  +   (boots currently unavailable)
Stlth    +++++++...             Q - amulet "I Knew You'd Do That" {Spirit rElec Int+6 Stlth+, Range, Elem} (curse)
HPRegen  0.39/turn              S - ring "At What Cost Knowledge?" {Str+6, Range, Bglg} (curse)
MPRegen  0.22/turn              N - ring "Ensconced Malaise" {rN+, Evo, Cun} (curse)

@: about to teleport, statue-form, very slightly contaminated, hasted, invisible
A: small, mutation resistance 1, weak 1
}: 1/15 runes: abyssal
a: End Transformation, Renounce Religion, Shatter the Chains


You were on level 4 of the Abyss.
You worshipped Ashenzari.
Ashenzari was extremely pleased with you.
You were a stone statue.
You visited 5 branches of the dungeon, and saw 26 of its levels.
You visited the Abyss 1 time.
You also visited: Sewer and Ice Cave.

You collected 2572 gold pieces.
You spent 1427 gold pieces at shops.

Inventory:

Hand Weapons
 a - the cursed +1 hunting sling "Lethargy of Ashenzari" (weapon) {Comp, Elem}

   It has a curse placed upon it.
Missiles
 b - 4 boomerangs
 e - 5 silver boomerangs (quivered)
 s - 8 atropa-tipped darts
 T - 12 sling bullets (quivered ammo)
 Z - 3 throwing nets
Armour
 d - the cursed +0 troll leather armour "Shattered Bitterness" (melded) {Regen+, Range, Bglg}
   (You found it on level 13 of the Dungeon)

   It increases your rate of regeneration.
   It has a curse placed upon it.
 p - the cursed +0 pair of boots of Ashenzari's Loss (melded) {Alch, Bglg}
   (You found it on level 3 of the Dungeon)

   It has a curse placed upon it.
 y - the cursed +1 helmet of Ashenzari's Scepticism (worn) {Str+7 Int+7, Elem, Cun}
   (You found it on level 15 of the Dungeon)

   It affects your strength (+7).
   It affects your intelligence (+7).
   It has a curse placed upon it.
 B - the cursed +2 pair of gloves of the Tethered Failure (melded) {archery, Bglg, Cun}
   (You found it on level 6 of the Dungeon)

   It has a curse placed upon it.
Jewellery
 m - a ring of protection from cold
 F - a +4 ring of protection
 N - the cursed ring "Ensconced Malaise" (right hand) {rN+, Evo, Cun}
   (You found it on level 8 of the Dungeon)

   [ring of positive energy]

   It protects you from negative energy.
   It has a curse placed upon it.
 Q - the cursed amulet "I Knew You'd Do That" (around neck) {Spirit rElec Int+6 Stlth+, Range, Elem}
   (You acquired it on level 15 of the Dungeon)

   [amulet of guardian spirit]

   It causes incoming damage to be split between your health and magic.
   It affects your intelligence (+6).
   It insulates you from electricity.
   It makes you more stealthy.
   It has a curse placed upon it.
 S - the cursed ring "At What Cost Knowledge?" (left hand) {Str+6, Range, Bglg}
   (You found it on level 1 of the Lair of Beasts)

   [ring of strength]

   It affects your strength (+6).
   It has a curse placed upon it.
Wands
 c - a wand of iceblast (15)
 f - a wand of random effects (79)
 u - a wand of charming (12)
 D - a wand of flame (52)
 G - a wand of acid (19)
 L - a wand of digging (5)
Scrolls
 g - a scroll of fear
 h - a scroll of immolation
 i - 13 scrolls of teleportation
 k - 24 scrolls of identify
 o - 4 scrolls of enchant weapon
 q - a scroll of summoning
 r - 5 scrolls of amnesia
 t - 6 scrolls of fog
 x - a scroll of blinking
 C - 6 scrolls of enchant armour
 O - a scroll of brand weapon
 R - 3 scrolls of magic mapping
 U - a scroll of silence
 Y - a scroll of vulnerability
Potions
 n - 7 potions of curing
 w - 6 potions of brilliance
 z - 4 potions of flight
 E - 2 potions of might
 H - 4 potions of invisibility
 I - a potion of mutation
 J - a potion of lignification
 K - 5 potions of attraction
 M - a potion of haste
 P - 3 potions of cancellation
 V - a potion of magic
Miscellaneous
 j - a phantom mirror
 W - a phial of floods
 X - a tin of tremorstones (inert)


   Skills:
 + Level 13.4 Fighting
 - Level 23.3(27) Slings
 + Level 11.8(16.6) Dodging
 - Level 11.3(16.2) Stealth
 * Level 7.6 Spellcasting
 * Level 11.2(14.3) Hexes
 + Level 2.5 Transmutations
 + Level 8.4(14.9) Earth Magic


You had 3 spell levels left.
You knew the following spells:

 Your Spells              Type           Power        Failure   Level
a - Dazzling Flash        Conj/Hex       84%          1%          3
b - Portal Projectile     Hex/Tloc       84%          1%          3
c - Corona                Hex            72%          1%          1
d - Cause Fear            Hex            32%          1%          4
e - Leda's Liquefaction   Hex/Erth       33%          1%          4
f - Searing Ray           Conj           20%          9%          2
g - Statue Form           Tmut/Erth      32%          30%         6
i - Inner Flame           Hex/Fire       44%          1%          3
s - Slow                  Hex            65%          1%          2
w - Wereblood             Tmut           20%          4%          2

Your spell library contained the following spells:

 Spells                   Type           Power        Failure   Level
 Confusing Touch          Hex            65%          1%          3
 Beastly Appendage        Tmut           40%          2%          1
 Animate Skeleton         Necr           20%          6%          1
 Magic Dart               Conj           40%          6%          1
 Pain                     Necr           40%          6%          1
 Spider Form              Tmut/Pois      7%           13%         3
 Call Canine Familiar     Summ           10%          19%         3
 Gell's Gravitas          Tloc           5%           19%         3
 Vampiric Draining        Necr           5%           19%         3
 Petrify                  Tmut/Erth      49%          1%          4
 Animate Armour           Summ/Erth      88%          3%          4
 Fulminant Prism          Conj/Hex       21%          3%          4
 Yara's Violent Unravell  Hex/Tmut       23%          6%          5
 Metabolic Englaciation   Hex/Ice        22%          9%          5
 Bolt of Magma            Conj/Fire/Erth 17%          21%         5
 Ice Form                 Ice/Tmut       17%          34%         4
 Iron Shot                Conj/Erth      22%          43%         6
 Summon Ice Beast         Ice/Summ       12%          45%         4
 Animate Dead             Necr           5%           52%         4
 Iskenderun's Mystic Bla  Conj/Tloc      10%          52%         4
 Blade Hands              Tmut           10%          58%         5
 Agony                    Necr           10%          86%         5
 Shatter                  Erth           33%          100%        9


Dungeon Overview and Level Annotations

Branches:
Dungeon (15/15)            Temple (1/1) D:6            Lair (6/6) D:10
  Swamp (0/4) Lair:2       Spider (0/4) Lair:4        Slime (0/5) Lair:6
    Orc (2/2) D:9             Elf (2/3) Orc:2        Vaults (0/5) D:13
 Depths (0/5) D:15          Sewer (visited)           IceCv (visited)

Altars:
Ashenzari
Cheibriados
Dithmenos
Elyvilon
Fedhas
Gozag
Hepliaklqana
Kikubaaqudgha
Makhleb
Nemelex Xobeh
Okawaru
Qazlal
Ru
Sif Muna
Trog
Uskayaw
Vehumet
Wu Jian
Xom
Yredelemnul
Zin
The Shining One
Jiyva

Shops:
D:4 [((?   D:8 [   D:14 =   Orc:2 =*!?(   Elf:2 =

Annotations:
D:7 Maggie
D:12 Roeh's ghost, adept MiBe
D:15 Louise


Innate Abilities, Weirdness & Mutations

You are small and have problems with some larger weapons.
You are somewhat resistant to further mutation.
((You are partially covered in molten scales. (AC +2)))
You are weak. (Str -2)


Message History

The unseen horror convulses!
Flame seeps out of the unseen horror.
The guardian serpent convulses!
The great orb of eyes convulses!
Flame seeps out of the great orb of eyes.
The great orb of eyes convulses!
The unseen horror convulses!
Flame seeps out of the unseen horror.
The fiery explosion engulfs the guardian serpent!!!
The fiery explosion engulfs you!!!
* * * LOW HITPOINT WARNING * * *
The guardian serpent explodes!
The fiery explosion engulfs the guardian serpent!!
You kill the guardian serpent!
The guardian serpent's shape twists and changes as it dies.
The fiery explosion engulfs the great orb of eyes!
The great orb of eyes explodes!
The fiery explosion engulfs the great orb of eyes!!
You kill the great orb of eyes!
The great orb of eyes's shape twists and changes as it dies.
The fiery explosion engulfs the unseen horror!!
The unseen horror explodes!
The fiery explosion engulfs the crystal guardian.
The crystal guardian completely resists.
The crystal guardian is lightly damaged.
The fiery explosion engulfs the large abomination!!
Flame seeps out of the large abomination.
The large abomination is heavily damaged.
The unseen horror is engulfed in blazing flames.
Flame seeps out of the unseen horror.
The unseen horror is engulfed in blazing flames.
Flame seeps out of the unseen horror.
A blink frog comes into view.
The unseen horror is engulfed in blazing flames.
Flame seeps out of the unseen horror.
The unseen horror barely misses you.
The thrashing horror is engulfed in blazing flames.
Flame seeps out of the thrashing horror.
The crystal guardian fires a crystalline bolt at you.
The crystal bolt burns the thrashing horror!
The thrashing horror resists.
Flame seeps out of the thrashing horror.
The crystal bolt burns you!!
You die...

*, *
,##.......####*.#....#
,*, * #....FX...#### .#
#.# *
##.......###.*.,#.# . *
, ,#...88§§..#..##..
.... * , *##.#'X○X.##, #
...,## ,,,**,* #
###§°°### .#.#, #.# * *,
...##[°§§○##..#...#.,..,
*, , *
#..#[○°§x§(#..#..# ...,
,* , , ..#[§x8°X$#...#..
# . *, , *
...#[/§§§§(#..## .# ..#
* , *#..##§§°§§##...
#...# # *##
.##((X##....... #, , ,
*...#####.......# *## ,
* ,#.. ........#.#*, * .
** ,..# .. .., ##* ,.
**,, ..,*... ##. , * * ,
* * , ≈ ≈ ≈


You could see 2 crystal guardians, 4 thrashing horrors, a large abomination
(inner flame), 2 unseen horrors and a blink frog (wandering).

Vanquished Creatures
  Rupert (D:14)
  Kirke (D:13)
  Roxanne (D:14)
  A frost giant (IceCv)
  An ironheart preserver (D:13)
  3 deep elf demonologists (Elf:1)
  A deep elf annihilator (Elf:2)
  Josephine (D:14)
  A fire dragon (D:15)
  A blizzard demon (Abyss:4)
  4 boulder beetles
  12 hydras
  An ice dragon (D:15)
  Harold (D:10)
  2 great orbs of eyes (shapeshifter) (Abyss:4)
  A merfolk avatar (Lair:6)
  2 centaur warriors (D:13)
  2 two-headed ogres
  A death yak (IceCv)
  7 dancing weapons
  2 tengu warriors (D:15)
  A storm dragon zombie (D:15)
  An orc high priest (Orc:1)
  9 deep elf knights
  A sea snake (Lair:5)
  6 unseen horrors (Abyss:4)
  8 orc knights
  5 deep elf archers (Elf:1)
  A lindwurm (Lair:6)
  A wolf spider zombie (D:12)
  27 deep elf pyromancers
  12 ugly things
  A spectral ice dragon (D:15)
  3 manticores
  A spectral ettin (D:15)
  19 deep elf zephyrmancers
  3 orc sorcerers
  4 oklob plants (Lair:4)
  4 cyclopes
  5 elephants
  2 guardian serpents (shapeshifter) (Abyss:4)
  Joseph (D:7)
  An ice statue (IceCv)
  A centaur zombie (D:13)
  5 black mambas
  A centaur skeleton (D:15)
  13 cane toads
  A torpor snail (Lair:6)
  A gargoyle (D:11)
  A smoke demon (Abyss:3)
  A kobold demonologist (D:14)
  10 komodo dragons
  2 ice devils (Orc:2)
  A komodo dragon (shapeshifter) (D:14)
  8 rime drakes
  A golden dragon simulacrum (D:15)
  A hellwing (Abyss:3)
  8 trolls
  A jumping spider (Lair:4)
  A wind drake (Lair:6)
  Grinder (D:4)
  2 hornets
  20 polar bears
  24 blink frogs
  A harpy skeleton (D:14)
  15 dream sheep
  A snapping turtle (shapeshifter) (D:9)
  Sigmund (D:2)
  A fire giant simulacrum (D:15)
  A stone giant simulacrum (D:15)
  An air elemental (Elf:1)
  A centaur simulacrum (D:15)
  A redback (Lair:4)
  3 basilisks
  7 wyverns
  2 fire elementals
  75 yaks
  5 wraiths
  A hog (D:14)
  7 vampire mosquitoes
  Menkaure (D:7)
  6 wargs
  Edmund (D:4)
  2 soldier ants
  An acid dragon (D:12)
  A floating eye (shapeshifter) (D:14)
  22 water moccasins
  Duvessa (D:7)
  5 ice beasts
  2 black bears
  A hornet zombie (D:14)
  2 sky beasts
  A starcursed mass (Abyss:3)
  An eye of draining (D:11)
  Purgy (Sewer)
  44 orc warriors
  13 ogres
  22 wolves
  2 ettin simulacra (D:15)
  4 phantoms
  16 centaurs
  A kobold brigand (D:12)
  18 bullfrogs
  A gnoll sergeant (D:9)
  Dowan (D:7)
  4 jellies
  2 wyvern skeletons
  4 scorpions
  A tengu zombie (D:15)
  11 wights
  An electric eel (D:13)
  3 howler monkeys
  20 orc priests
  3 bullfrog skeletons
  9 hounds
  3 quasits
  A gnoll shaman (D:6)
  Jessica (D:2)
  6 iguanas
  30 orc wizards
  11 worker ants
  A hound zombie (D:10)
  A hound skeleton (D:4)
  Robin (D:4)
  3 worker ant zombies
  12 adders
  11 gnolls
  A howler monkey skeleton (D:9)
  A shadow imp (D:8)
  3 white imps
  An ufetubus (D:6)
  An adder zombie (D:9)
  2 adder skeletons
  3 worms
  3 dart slugs
  7 leopard geckos
  108 orcs
  9 giant cockroaches
  19 goblins
  9 hobgoblins
  11 jackals
  3 quokkas
  6 ball pythons
  12 bats
  5 frilled lizards
  A jackal skeleton (D:5)
  9 kobolds
  3 rats
  A lurking horror (Abyss:4)
917 creatures vanquished.

Vanquished Creatures (collateral kills)
  A black mamba (Lair:5)
  A blink frog (Lair:5)
2 creatures vanquished.

Vanquished Creatures (others)
  2 black mambas (Lair:5)
  A yak (IceCv)
  2 humans (D:14)
  39 fungi
  A lurking horror (Abyss:4)
  75 plants
120 creatures vanquished.

Grand Total: 1039 creatures vanquished

Notes
Turn   | Place    | Note
-------+----------+-------------------------------------------
     0 | D:1      | Anon1729 the Halfling Hunter began the quest for the Orb.
     0 | D:1      | Reached XP level 1. HP: 14/14 MP: 1/1
   133 | D:1      | Reached XP level 2. HP: 19/19 MP: 2/2
   138 | D:1      | Reached skill level 6 in Slings
   417 | D:1      | Reached XP level 3. HP: 14/24 MP: 3/3
  1054 | D:2      | Reached XP level 4. HP: 27/30 MP: 4/4
  1154 | D:2      | Noticed Jessica
  1164 | D:2      | Killed Jessica
  1165 | D:2      | Reached XP level 5. HP: 28/35 MP: 5/5
  1437 | D:2      | Noticed Sigmund
  1453 | D:2      | HP: 1/35 [something (3)]
  1454 | D:2      | Killed Sigmund
  1455 | D:2      | Reached skill level 7 in Slings
  1455 | D:2      | Reached XP level 6. HP: 1/42 MP: 6/6
  2146 | D:2      | Found an ornate altar of the Wu Jian Council.
  2847 | D:3      | Found a broken altar of Ashenzari.
  3197 | D:3      | Reached XP level 7. HP: 43/46 MP: 7/7
  3796 | D:3      | Became a worshipper of Ashenzari the Shackled
  4244 | D:4      | Found Emif's Antique Armour Emporium.
  4254 | D:4      | Bought a steaming robe for 119 gold pieces
  4254 | D:4      | Identified the +0 robe "Sigiy" {Will+++ rCorr Dex-4 Stlth+}
                  | (You bought it in a shop on level 4 of the Dungeon)
  4396 | D:4      | Reached skill level 8 in Slings
  4536 | D:4      | Found Yhayt's Antique Weapon Boutique.
  5114 | D:4      | Found a stormy altar of Qazlal.
  5194 | D:4      | Reached skill level 5 in Dodging
  5194 | D:4      | Reached XP level 8. HP: 49/54 MP: 8/8
  5196 | D:4      | Noticed Robin
  5201 | D:4      | Killed Robin
  5325 | D:4      | Found Ositz's Weapon Shoppe.
  5411 | D:4      | Reached skill level 5 in Stealth
  5530 | D:4      | Noticed Grinder
  5554 | D:4      | Killed Grinder
  5656 | D:4      | Found Veheepif's Magic Scroll Emporium.
  5665 | D:4      | Noticed Edmund
  6288 | D:4      | Killed Edmund
  6289 | D:4      | Reached skill level 9 in Slings
  6647 | D:5      | Entered Level 5 of the Dungeon
  6657 | D:5      | Found a sacrificial altar of Ru.
  7149 | D:5      | Reached skill level 5 in Fighting
  7149 | D:5      | Reached XP level 9. HP: 32/61 MP: 9/9
  7546 | D:5      | Found a glowing golden altar of the Shining One.
  7547 | D:5      | Found a hide-covered altar of Uskayaw.
  8081 | D:5      | Reached skill level 10 in Slings
  8522 | D:6      | Found a glowing drain.
  8576 | Sewer    | Entered a sewer
  8740 | Sewer    | Noticed Purgy
  8748 | Sewer    | Killed Purgy
  9156 | D:6      | HP: 3/62 [orc warrior/+0 war axe (16)]
  9995 | D:6      | Found a radiant altar of Vehumet.
 10062 | D:6      | Found a staircase to the Ecumenical Temple.
 10163 | Temple   | Entered the Ecumenical Temple
 10318 | D:7      | Found a snail-covered altar of Cheibriados.
 10358 | D:7      | Found a burning altar of Makhleb.
 10373 | D:7      | Reached * piety under Ashenzari
 10407 | D:7      | Noticed Joseph
 10433 | D:7      | Reached XP level 10. HP: 20/68 MP: 10/10
 10437 | D:7      | Killed Joseph
 10438 | D:7      | Reached skill level 11 in Slings
 10759 | D:7      | Noticed Menkaure
 10774 | D:7      | Killed Menkaure
 10808 | D:7      | Noticed Maggie
 10851 | D:7      | Noticed Duvessa
 10853 | D:7      | Noticed Dowan
 10865 | D:7      | Killed Duvessa
 10872 | D:7      | Killed Dowan
 11467 | D:8      | Found a hide-covered altar of Uskayaw.
 11499 | D:8      | Found Edaxzuty's Armour Shop.
 11772 | D:8      | Paralysed by a hornet for 1 turns
 12121 | D:8      | Found a shimmering blue altar of Sif Muna.
 12392 | D:9      | Reached skill level 12 in Slings
 12445 | D:9      | Noticed a six-headed hydra
 12455 | D:9      | Killed a six-headed hydra
 12505 | D:9      | Reached skill level 13 in Slings
 12739 | D:9      | Reached XP level 11. HP: 44/75 MP: 11/11
 12768 | D:9      | Noticed a shining eye
 12898 | D:9      | Found a staircase to the Orcish Mines.
 13083 | D:9      | Found a shadowy altar of Dithmenos.
 13168 | D:9      | Reached skill level 14 in Slings
 13318 | D:9      | Found a basalt altar of Yredelemnul.
 14049 | D:9      | Found an iron altar of Okawaru.
 14112 | D:10     | Entered Level 10 of the Dungeon
 14136 | D:10     | Reached skill level 15 in Slings
 14283 | D:10     | Noticed Harold
 14312 | D:10     | Killed Harold
 14313 | D:10     | Reached skill level 10 in Stealth
 14806 | D:10     | Reached skill level 16 in Slings
 14834 | D:10     | Found a staircase to the Lair.
 15177 | D:10     | Learned a level 2 spell: Wereblood
 15468 | D:10     | Reached ** piety under Ashenzari
 15552 | D:11     | Noticed a six-headed hydra
 15802 | Lair:1   | Entered Level 1 of the Lair of Beasts
 16080 | Lair:1   | Noticed a six-headed hydra
 16098 | Lair:1   | Killed a six-headed hydra
 16099 | Lair:1   | Reached skill level 17 in Slings
 16099 | Lair:1   | Reached skill level 1 in Transmutations
 16099 | Lair:1   | Reached XP level 12. HP: 70/83 MP: 12/12
 16338 | Lair:1   | Reached skill level 10 in Dodging
 17201 | Lair:2   | Found a staircase to the Swamp.
 17457 | Lair:2   | Reached skill level 18 in Slings
 17931 | Lair:3   | Noticed a boulder beetle
 18273 | Lair:3   | Noticed a five-headed hydra
 18595 | Lair:3   | Reached skill level 19 in Slings
 19483 | Lair:2   | Reached XP level 13. HP: 85/90 MP: 13/13
 19509 | Lair:3   | Reached skill level 20 in Slings
 20062 | Lair:3   | Killed a five-headed hydra
 20844 | Lair:4   | Noticed an eight-headed hydra
 20850 | Lair:4   | Killed an eight-headed hydra
 20851 | Lair:4   | Reached skill level 10 in Fighting
 20851 | Lair:4   | Reached skill level 21 in Slings
 21446 | Lair:4   | Noticed a six-headed hydra
 21824 | Lair:4   | Learned a level 3 spell: Portal Projectile
 21828 | Lair:4   | Learned a level 3 spell: Inner Flame
 21830 | Lair:4   | Learned a level 1 spell: Corona
 21833 | Lair:4   | Learned a level 2 spell: Slow
 21982 | Lair:4   | Found a hole to the Spider Nest.
 22027 | Lair:4   | Noticed a four-headed hydra
 22033 | Lair:4   | Killed a four-headed hydra
 22034 | Lair:4   | Reached skill level 1 in Hexes
 22465 | Lair:5   | Killed a six-headed hydra
 23059 | Lair:5   | Reached XP level 14. HP: 87/99 MP: 14/14
 23426 | Lair:5   | Reached *** piety under Ashenzari
 23811 | Lair:6   | Entered Level 6 of the Lair of Beasts
 23867 | Lair:6   | Reached skill level 22 in Slings
 24518 | Lair:6   | Found a viscous altar of Jiyva.
 24527 | Lair:6   | Found a staircase to the Slime Pits.
 25433 | Lair:5   | Reached skill level 5 in Hexes
 27553 | Lair:6   | Reached skill level 23 in Slings
 28994 | D:11     | Identified the +5 long sword "Xoetayl" {venom, rC+ Will-
                  | SInv}
 29026 | D:11     | Reached XP level 15. HP: 107/107 MP: 15/15
 32979 | D:12     | Reached skill level 1 in Spellcasting
 33700 | D:13     | Learned a level 3 spell: Dazzling Flash
 33717 | D:13     | Found a gate to the Vaults.
 33717 | D:13     | Noticed an ironheart preserver
 34353 | D:14     | Reached **** piety under Ashenzari
 34676 | D:12     | Learned a level 4 spell: Cause Fear
 34890 | D:13     | Killed an ironheart preserver
 35152 | D:14     | Found Enetile's Jewellery Boutique.
 35195 | D:14     | Noticed Kirke
 35214 | D:13     | Noticed a sphinx
 35214 | D:13     | Killed Kirke
 35215 | D:13     | Reached skill level 1 in Earth Magic
 35372 | D:14     | Noticed Roxanne
 35672 | D:14     | Noticed Josephine
 35697 | D:14     | Noticed Rupert
 35701 | D:14     | Killed Josephine
 35842 | D:14     | Killed Rupert
 35843 | D:14     | Reached XP level 16. HP: 111/114 MP: 21/21
 36068 | D:14     | Killed Roxanne
 36224 | D:15     | Entered Level 15 of the Dungeon
 36805 | D:15     | Found a runed translucent gate.
 36805 | D:15     | Found a runed translucent gate.
 36810 | D:15     | Found a runed translucent gate.
 36811 | D:15     | Identified a scroll of acquirement
 36811 | D:15     | Noticed Roeh's ghost (adept MiBe)
 36915 | D:15     | Found a staircase to the Depths.
 37189 | D:15     | Identified the +1 helmet of Compression {Str+7 Int+7}
 37249 | D:15     | Noticed Louise
 37737 | D:15     | Acquired the amulet of the Dragon {Spirit rElec Int+6
                  | Stlth+}
 38044 | Orc:1    | Entered Level 1 of the Orcish Mines
 38350 | Orc:2    | Entered Level 2 of the Orcish Mines
 38377 | Orc:2    | Reached skill level 5 in Spellcasting
 38475 | Orc:2    | Found Reywism's Jewellery Shoppe.
 38757 | Orc:2    | Found a staircase to the Elven Halls.
 39260 | Orc:2    | Found a frozen archway.
 39269 | IceCv    | Entered an ice cave
 39320 | IceCv    | Reached skill level 10 in Hexes
 40121 | IceCv    | Noticed a frost giant
 40134 | IceCv    | Killed a frost giant
 40605 | Orc:2    | Found Neemail's Magic Scroll Boutique.
 40605 | Orc:2    | Found Erofagia's Distillery.
 40607 | Orc:2    | Found Tuaneh's General Store.
 40609 | Orc:2    | Found Goas Lub's Weapon Shop.
 40623 | Orc:2    | Bought a scroll of teleportation for 54 gold pieces
 40623 | Orc:2    | Bought a scroll of teleportation for 54 gold pieces
 40633 | Orc:2    | Learned a level 4 spell: Leda's Liquefaction
 40639 | Orc:2    | Bought 2 potions of experience for 1200 gold pieces
 40641 | Orc:2    | Reached XP level 17. HP: 121/121 MP: 26/26
 40642 | Orc:2    | Reached XP level 18. HP: 128/128 MP: 27/27
 40676 | Elf:1    | Entered Level 1 of the Elven Halls
 41066 | Orc:2    | Reached XP level 19. HP: 90/134 MP: 17/28
 41248 | Elf:1    | Noticed a Tzitzimitl
 41816 | Elf:1    | Noticed a Brimstone Fiend
 42018 | Elf:1    | Identified Sif Muna's Catalogue of Slavery
 42106 | Elf:1    | Learned a level 2 spell: Searing Ray
 43789 | Elf:2    | Found Heog's Jewellery Shop.
 43953 | Elf:2    | Found a shimmering blue altar of Sif Muna.
 44311 | Elf:2    | Learned a level 6 spell: Statue Form
 44329 | Elf:2    | Cast into level 3 of the Abyss (+1 scimitar of distortion)
 44329 | Abyss:3  | Found a corrupted altar of Lugonu.
 44382 | Abyss:3  | Identified the cursed +2 pair of gloves of the Tethered
                  | Failure {archery, Bglg, Cun} (You found it on level 6 of
                  | the Dungeon)
 44382 | Abyss:3  | Identified the cursed +0 pair of boots of Ashenzari's Loss
                  | {Alch, Bglg} (You found it on level 3 of the Dungeon)
 44382 | Abyss:3  | Identified the cursed +0 troll leather armour "Shattered
                  | Bitterness" {Regen+, Range, Bglg} (You found it on level 13
                  | of the Dungeon)
 44431 | Abyss:3  | Reached ***** piety under Ashenzari
 44646 | Abyss:4  | Noticed a lich
 44652 | Abyss:4  | Paralysed by a great orb of eyes for 3 turns
 44676 | Abyss:4  | Found a corrupted altar of Lugonu.
 44704 | Abyss:4  | Paralysed by a great orb of eyes for 3 turns
 44719 | Abyss:4  | Gained mutation: You are clumsy. (Dex -2) [potion of
                  | mutation]
 44719 | Abyss:4  | Gained mutation: You are weak. (Str -2) [potion of
                  | mutation]
 44720 | Abyss:4  | Lost mutation: You are clumsy. (Dex -2) [potion of
                  | mutation]
 44720 | Abyss:4  | Gained mutation: You are partially covered in molten
                  | scales. (AC +2) [potion of mutation]
 44722 | Abyss:4  | Got an abyssal rune of Zot
 44723 | Abyss:4  | Killed from afar by a crystal guardian

Illustrated notes

Levels and vault maps discovered:
D:1:      psy_arrival_radial01, layout_basic, ebering_dispersal_statue_hall
D:2:      layout_basic, pdpol_wu_jian_five_deadly_venoms,
          minmay_goblin_kobold_house, uniq_sigmund, uniq_jessica
D:3:      layout_loops_corners, ashenzari_conservatory_becter
D:4:      layout_rooms, marbit_many_paths, serial_shops, shop, shop, shop, shop,
          uniq_robin, uniq_grinder, uniq_edmund
D:5:      layout_cave_pods, gammafunk_temple_overflow_pools,
          nicolae_ru_awakened_eye
D:6:      layout_loops_cross, lemuel_round_altar,
          minmay_temple_entry_enclosed_plants, gup_sewer_entry_glass
D:7:      layout_basic, kennysheep_mini, kennysheep_little_box, glass_columns_a,
          uniq_joseph, uniq_duvessa, uniq_maggie, uniq_menkaure
D:8:      layout_cave_pools, led_sif_pool, serial_shops, shop, basic_altar,
          roderic_batcave, minmay_manual_mess
D:9:      layout_stronghold, lemuel_coloured_pillars_altar,
          nicolae_overflow_hidden_temple, david_orc_2, basic_altar
D:10:     layout_basic, minmay_lair_entry_grove, uniq_harold
D:11:     layout_roguey
D:12:     layout_layer_cave, serial_rivers, chequers_serial_rivers_room_b,
          chequers_serial_rivers_micro_b, chequers_serial_rivers_micro_c,
          chequers_serial_rivers_small_a, chequers_serial_rivers_marsh,
          chequers_serial_rivers_micro_d, minmay_misc_feat_enclosed
D:13:     layout_basic, skrybe_vaults_entry_preservation
D:14:     layout_cave_pools, serial_column_ruins, column_ruins_pillar_6,
          column_ruins_pillar_4, column_ruins_pillar_1, column_ruins_pillar_2,
          column_ruins_pillar_3, column_ruins_pillar_6, column_ruins_pillar_2,
          column_ruins_pillar_2, column_ruins_pillar_5, column_ruins_pillar_1,
          column_ruins_pillar_8, minmay_misc_feat_plants, serial_shops, shop,
          uniq_roxanne, uniq_rupert, uniq_josephine, uniq_kirke
D:15:     grunt_enter_depths_hoard, layout_stronghold,
          gammafunk_ghost_necromancy, minmay_misc_feat_iff,
          minmay_misc_feat_secret_circle, st_stairs_2, uniq_louise
Temple:   compressed_dpeg_circular_temple
Lair:1:   layout_roguey, serial_bayou_crossing
Lair:2:   layout_regular_city, swamp_mist, grunt_megastairs_3
Lair:3:   layout_regular_city
Lair:4:   layout_misc_corridors, spider_nest_entry_a, lemuel_fruit_tree,
          grunt_megastairs_2, minmay_lair_oklob_chamber
Lair:5:   beast_lair_carwin_large_2, layout_small_grid,
          infiniplex_staircase_pool_2
Lair:6:   gammafunk_lair_ancient_temple, layout_cave_pods, slime_altar_1
Orc:1:    layout_caves
Orc:2:    st_orc_rangers, layout_caves, serial_shops, nicolae_shop_crystal,
          portal_ice_cave_demonic_guard
Elf:1:    eino_elf_arrival_the_gate, layout_rooms, minmay_elf_demonology,
          grunt_megastairs_5
Elf:2:    layout_onion_city, serial_shops, nicolae_shop_crystal, basic_altar
Abyss:4:  base: Swamp:4, evilmike_abyss_exit_12, bh_abyss_xom_lugonu_altar,
          evilmike_nicolae_abyss_rune_containment_curve,
          hangedman_grunt_abyss_rune_horror_hoard

Skill      XL: |  1  2  3  4  5  6  7  8  9 10 11 12 13 14 15 16 17 18 19 |
---------------+----------------------------------------------------------+-----
Slings         | 6 7 8 9 10 13 17 19 21 23 | 23.3
Fighting       | 2 3 4 5 6 7 8 9 10 11 12 13 | 13.4
Stealth        | 2 3 4 6 7 9 10 11 | 11.3
Dodging        | 3 4 5 6 7 8 9 10 11 | 11.8
Transmutations | 1 2 |  2.5
Hexes          | 3 6 8 10 11 | 11.2
Spellcasting   | 3 6 7 |  7.6
Earth Magic    | 2 7 8 |  8.4

Action                   |  1- 3 |  4- 6 |  7- 9 | 10-12 | 13-15 | 16-18 | 19-21 || total
-------------------------+-------+-------+-------+-------+-------+-------+-------++-------
Melee: Short sword       |    21 |       |       |       |       |       |       ||    21
       Hunting sling     |       |       |       |       |       |       |     1 ||     1
 Fire: Hunting sling     |    94 |   148 |   712 |   983 |  1891 |  1067 |   512 ||  5407
Throw: Boomerang         |       |       |       |       |       |       |   142 ||   142
 Cast: Slow              |       |       |       |       |    11 |     1 |     1 ||    13
       Corona            |       |       |       |       |     5 |       |       ||     5
       Wereblood         |       |       |       |       |       |     5 |       ||     5
       Cause Fear        |       |       |       |       |       |     4 |     1 ||     5
       Inner Flame       |       |       |       |       |       |     3 |       ||     3
       Portal Projectile |       |       |       |       |       |     1 |       ||     1
       Statue Form       |       |       |       |       |       |       |     4 ||     4
Invok: Curse Item        |       |       |     2 |     2 |     2 |     2 |     2 ||    10
       Shatter the Chain |       |       |       |       |       |     2 |       ||     2
Evoke: Wand              |       |       |     3 |     5 |    20 |     2 |     8 ||    38
       Phial of floods   |       |       |       |       |     1 |       |       ||     1
       Tin of tremorston |       |       |       |       |       |       |     3 ||     3
  Use: Potion            |       |     2 |     1 |       |     5 |     2 |     8 ||    18
       Scroll            |       |       |     3 |     2 |     5 |     4 |     7 ||    21
Armor: Leather armour    |     7 |     9 |    11 |       |       |       |       ||    27
       Robe              |       |       |    24 |    34 |    52 |       |       ||   110
       Troll leather arm |       |       |       |       |    26 |    58 |    28 ||   112
       Skin              |       |       |       |       |       |       |    56 ||    56
Dodge: Dodged            |    43 |    27 |   184 |   185 |   461 |   428 |   490 ||  1818
Block: Other             |       |     7 |    59 |    64 |   139 |    20 |       ||   289
       Reflection        |       |       |     3 |       |     2 |       |       ||     5

Table legend: (Time is in decaauts)
 A = Elapsed time spent in this place.
 B = Non-inter-level travel time spent in this place.
 C = Inter-level travel time spent in this place.
 D = Time resting spent in this place.
 E = Time spent auto-exploring this place.
 F = Levels seen in this place.
 G = Mean time per level.
                   A        B        C        D        E       F      G
               +--------+--------+--------+--------+--------+-----+--------+
         Total |  43058 |  40080 |   2978 |   7973 |  23696 |  30 | 1435.3 |
       Dungeon |  24627 |  22963 |   1664 |   4583 |  13959 |  15 | 1641.8 |
        Temple |     81 |     74 |      7 |      0 |     73 |   1 |   81.0 |
          Lair |  12413 |  11443 |    970 |   2596 |   7194 |   6 | 2068.8 |
  Orcish Mines |   1970 |   1731 |    239 |    137 |    880 |   2 |  985.0 |
   Elven Halls |   2321 |   2224 |     97 |    314 |   1152 |   2 | 1160.5 |
         Abyss |    457 |    457 |      0 |     85 |      0 |   2 |  228.5 |
         Sewer |    285 |    285 |      0 |     32 |    106 |   1 |  285.0 |
      Ice Cave |    901 |    901 |      0 |    225 |    331 |   1 |  901.0 |
               +--------+--------+--------+--------+--------+-----+--------+

Top non-repeatable levels by time:
  Lair:6: 3194 daAuts
    D:10: 2646 daAuts
    D:12: 2609 daAuts
  Lair:5: 2540 daAuts
     D:4: 2295 daAuts
     D:3: 1878 daAuts
  Lair:2: 1858 daAuts
     D:9: 1852 daAuts
  Lair:3: 1813 daAuts
   Elf:1: 1802 daAuts
     D:5: 1721 daAuts
    D:13: 1630 daAuts
     D:6: 1587 daAuts
  Lair:4: 1581 daAuts
    D:11: 1517 daAuts
